AoeStats
← Himurak3n

Arena

508099220Analyzed
2v2 RM · 12d ago on Sep 20, 2026· 74m 16s· 4 players
Game mode
Random Map
Map size
Medium (4 player)
Population
200
Speed
Normal
Resources
Standard
Victory
Conquest
Starting age
Dark Age
Ending age
Imperial Age
RankedLock teamsTeams togetherTeam positionsShared explorationLock speedFull tech treeHidden civsTurbo modeCheats
Victory
Defeat
🇨🇴 Teutons · Colombia
529
+18
🇻🇪 Khmer · Venezuela
470
+22
🇧🇷 Japanese · Brazil
581
-20
🇧🇷 Britons · Brazil
580
-20
SirLex
13:13 Feudal Age
13:46 Double-Bit Axe
14:41 Wheelbarrow
13:48 Horse Collar
21:14 Castle Age
19:51 Padded Archer Armor
19:41 Fletching
19:54 Scale Mail Armor
20:19 Scale Barding Armor
22:59 Bow Saw
22:51 Heavy Plow
23:10 Leather Archer Armor
22:52 Bodkin Arrow
23:57 Gold Mining
33:40 Imperial Age
35:36 Two-Man Saw
35:12 Crop Rotation
35:16 Ring Archer Armor
35:23 Elite Skirmisher
37:31 Town Watch
37:32 Loom
38:51 Chemistry
38:12 Ballistics
37:43 Heated Shot
37:28 Onager
40:49 Chain Barding Armor
40:45 Chain Mail Armor
41:33 Stone Mining
42:51 Hand Cart
46:22 Plate Mail Armor
46:28 Plate Barding Armor
46:04 Forging
46:27 Pikeman
47:07 Squires
46:53 Arson
46:32 Siege Onager
47:00 Cavalier
49:26 Elite Teutonic Knight
50:42 Hoardings
50:10 Halberdier
51:28 Iron Casting
51:29 Guilds
51:50 Coinage
51:21 Caravan
54:22 Masonry
68:17 Paladin
Himurak3n
0:41 Loom
10:57 Feudal Age
12:37 Horse Collar
19:05 Castle Age
22:21 Town Watch
23:08 Double-Bit Axe
27:09 Forging
28:51 Husbandry
32:41 Ballistics
34:54 Scale Barding Armor
38:24 Fortified Wall
38:30 Bow Saw
38:39 Fletching
40:34 Chain Barding Armor
44:38 Imperial Age
42:39 Bloodlines
45:41 Iron Casting
46:29 Heavy Plow
46:27 Bodkin Arrow
46:07 Heavy Scorpion
48:26 Wheelbarrow
48:15 Conscription
50:33 Chemistry
50:17 Plate Barding Armor
49:39 Gold Mining
49:44 Stone Mining
51:05 Cavalier
51:11 Elite Ballista Elephant
52:50 Murder Holes
54:17 Blast Furnace
54:29 Double Crossbow
55:09 Padded Archer Armor
55:32 Bracer
57:18 Scale Mail Armor
57:38 Leather Archer Armor
66:46 Cavalier
69:02 Tusk Swords
68:44 Light Cavalry
68:45 Elite Battle Elephant
73:23 Gold Shaft Mining
Jotape
7:30 Loom
15:07 Feudal Age
16:17 Double-Bit Axe
16:25 Gold Mining
16:25 Stone Mining
16:31 Stone Mining
19:03 Wheelbarrow
20:27 Town Watch
25:03 Castle Age
23:34 Fletching
25:03 Padded Archer Armor
25:31 Forging
26:03 Crossbowman
26:42 Bodkin Arrow
33:42 Town Watch
36:30 Imperial Age
35:12 Leather Archer Armor
35:34 Iron Casting
35:33 Ballistics
36:20 Bow Saw
36:48 Husbandry
38:08 Conscription
38:10 Yeomen
39:39 Chemistry
39:51 Murder Holes
39:37 Treadmill Crane
41:48 Gold Shaft Mining
42:10 Hand Cart
43:32 Two-Man Saw
42:14 Horse Collar
43:09 Bracer
43:32 Fortified Wall
44:05 Arrowslits
44:07 Cavalier
46:13 Blast Furnace
45:41 Scale Barding Armor
46:11 Ring Archer Armor
46:41 Warwolf
46:57 Town Patrol
47:49 Hoardings
47:39 Arbalester
48:43 Chain Barding Armor
49:29 Caravan
50:46 Plate Barding Armor
62:37 Onager
65:14 Siege Engineers
67:36 Elite Longbowman
Tloko
7:58 Feudal Age
9:14 Wheelbarrow
8:31 Double-Bit Axe
11:54 Horse Collar
22:08 Gold Mining
22:10 Stone Mining
29:41 Castle Age
29:48 Castle Age
27:45 Man-at-Arms
35:07 Castle Age
36:49 Hand Cart
46:07 Heavy Plow
46:21 Bow Saw
48:27 Gold Shaft Mining
51:43 Town Watch
52:27 Town Patrol
54:03 Caravan
54:50 Fortified Wall
55:01 Ballistics
54:32 Guard Tower
54:53 Masonry
54:38 Murder Holes
54:24 Treadmill Crane
55:56 Herbal Medicine
60:27 Imperial Age
58:03 Loom
58:41 Yasama
61:18 Onager
64:08 Heavy Scorpion
Connection lost

Rejoining the realm…

Still unreachable

The connection could not be restored.

Session expired

The server has moved on; the page needs a fresh start.